 Dungeon Crawl Stone Soup version 0.25.1-2-g60ff931df9 (webtiles) character file.

Game seed: 8903008671896070999

1636 Johnny the Geomancer (level 8, -8/57 HPs)
             Began as a Demigod Earth Elementalist on Oct 20, 2020.
             Mangled by Duvessa
             ... wielding a +0 short sword
              (12 damage)
             ... on level 6 of the Dungeon.
             The game lasted 00:06:32 (7824 turns).

Johnny the Geomancer (Demigod Earth Elementalist)   Turns: 7824, Time: 00:06:32

Health: -8/57      AC:  3    Str: 11    XL:     8   Next: 39%
Magic:  15/20      EV: 12    Int: 23    God:
Gold:   385        SH:  0    Dex: 16    Spells: 5/18 levels left

rFire    . . .     SeeInvis .   A - +2 whip (elec)
rCold    . . .     Gourm    .   (no shield)
rNeg     . . .     Faith    .   c - +1 robe
rPois    .         Spirit   .   (no helmet)
rElec    .         Reflect  .   (no cloak)
rCorr    +         Harm     .   (no gloves)
MR       +....                  (no boots)
Stlth    ++........             (no amulet)
HPRegen  0.19/turn              i - ring of resist corrosion
MPRegen  0.17/turn              u - ring of protection from magic

@: hasted, very quick
A: high mp 1
a: no special abilities


You were on level 6 of the Dungeon.
You were not hungry.

You visited 1 branch of the dungeon, and saw 6 of its levels.
You also visited: Ossuary.

You collected 385 gold pieces.

Inventory:

Hand Weapons
 A - a +2 whip of electrocution (weapon)
Missiles
 b - 109 stones (quivered)
Armour
 c - a +1 robe (worn)
Magical Staves
 t - an uncursed staff of wizardry
Jewellery
 i - a ring of resist corrosion (left hand)
 u - a ring of protection from magic (right hand)
Wands
 z - a wand of disintegration (1)
Scrolls
 g - 6 scrolls of enchant armour
 h - a scroll of amnesia
 j - 2 scrolls of immolation
 m - 3 scrolls of fog
 p - 2 scrolls of magic mapping
 s - 3 scrolls of remove curse
 y - a scroll of fear {unknown}
Potions
 a - a potion of invisibility {unknown}
 f - a potion of might {unknown}
 l - 3 potions of haste
 n - 3 potions of curing {unknown}
 o - 2 potions of degeneration {unknown}
 q - a potion of cancellation {unknown}
 v - a potion of mutation {unknown}
 w - a potion of flight {unknown}
 x - a potion of stabbing {unknown}
 B - a potion of heal wounds {unknown}
 C - a potion of berserk rage {unknown}
Comestibles
 d - 8 rations
 k - 7 chunks of flesh


   Skills:
 - Level 1.7 Dodging
 - Level 1.7 Stealth
 + Level 5.6 Spellcasting
 - Level 0.8 Transmutations
 * Level 8.7 Earth Magic


You had 5 spell levels left.
You knew the following spells:

 Your Spells              Type           Power        Failure   Level  Hunger
a - Sandblast             Erth           #####.       1%          1    None
b - Stone Arrow           Conj/Erth      ####..       4%          3    ##.....
c - Lee's Rapid Deconstr  Erth           #####.....   7%          5    #####..
d - Petrify               Tmut/Erth      ####....     12%         4    ####...

Your spell library contained the following spells:

 Spells                   Type           Power        Failure   Level  Hunger
 Passwall                 Tmut/Erth      ####....     1%          2    None


Dungeon Overview and Level Annotations

Branches:
Dungeon (6/15)             Temple (0/1) D:4         Ossuary (visited)

Annotations:
D:6 Dowan, Duvessa


Innate Abilities, Weirdness & Mutations

You have an increased reservoir of magic. (+10% MP)


Message History

Duvessa hits you with a +0 short sword!
* * * LOW HITPOINT WARNING * * *
Okay, then.
Okay, then.
As you read the scroll of teleportation, it crumbles to dust.
You feel strangely unstable. Duvessa barely misses you.
Duvessa closely misses you. Duvessa hits you with a +0 short sword.
* * * LOW HITPOINT WARNING * * *
Your surroundings seem slightly different.
You enter a dispersal trap!
Duvessa blinks!
Dowan blinks! x2; You blink.
It was a potion of haste.
You feel yourself speed up. Duvessa completely misses you. x2
Unknown command.
Duvessa hits you with a +0 short sword!
* * * LOW HITPOINT WARNING * * *
Duvessa says, "Did you see that move?
Perfect!"
Duvessa gestures with her weapon.
Duvessa hits you with a +0 short sword!
You die...

#..o##.............#
#.o.##.............#
......#.............#
#>...##.......##....#
+....###########....#
##...##.........[...#
######........[[...#
#...#..............#
#...#..........@...#
#...##.......##e...#
#...###########....#
#............#.....#
#............'.....#
#............#.....#
#...##.......#.....#
#...##.......##....#
#...########'##....#


You could see Duvessa (fast).

Vanquished Creatures
  Pikel (D:4)
  4 slaves (D:4)
  2 ogres
  A centaur (D:4)
  Blork the orc (D:4)
  A bullfrog (D:6)
  A gnoll sergeant (D:6)
  A scorpion (D:3)
  A crimson imp (D:4)
  A bullfrog zombie (D:6)
  6 orc wizards
  An orc priest (D:6)
  2 hounds
  2 iguanas (D:4)
  2 worker ants
  A big kobold zombie (Ossuary)
  4 mummies (Ossuary)
  8 adders
  4 gnolls (D:6)
  A shadow imp (D:5)
  2 oozes
  5 adder zombies
  2 worms
  A dart slug (D:1)
  2 leopard geckos
  12 orcs
  2 giant cockroaches
  4 goblins
  6 hobgoblins
  A quokka (D:2)
  A ball python (D:1)
  6 bats
  4 frilled lizards
  2 goblin zombies (Ossuary)
  2 hobgoblin zombies (Ossuary)
  A jackal zombie (Ossuary)
  2 kobolds
  An orc zombie (Ossuary)
  2 quokka skeletons
  2 rats
  2 rat zombies (Ossuary)
107 creatures vanquished.

Notes
Turn   | Place    | Note
-------+----------+-------------------------------------------
     0 | D:1      | Johnny the Demigod Earth Elementalist began the quest for
                  | the Orb.
     0 | D:1      | Reached XP level 1. HP: 14/14 MP: 5/5
   236 | D:1      | Reached skill level 3 in Earth Magic
   657 | D:1      | Reached XP level 2. HP: 8/20 MP: 4/7
  1428 | D:2      | Reached XP level 3. HP: 26/26 MP: 3/9
  2097 | D:2      | Reached skill level 4 in Earth Magic
  2403 | D:3      | Found a faded altar of an unknown god.
  2481 | D:3      | Reached XP level 4. HP: 27/33 MP: 5/10
  3065 | D:3      | Reached XP level 5. HP: 27/38 MP: 2/12
  3259 | D:3      | Found a bloodstained altar of Trog.
  3515 | D:4      | Reached skill level 5 in Earth Magic
  3780 | D:4      | Noticed Blork the orc
  3784 | D:4      | Killed Blork the orc
  3784 | D:4      | Reached XP level 6. HP: 45/45 MP: 9/14
  3827 | D:4      | Noticed Pikel
  3980 | D:4      | Found a staircase to the Ecumenical Temple.
  5061 | D:5      | Entered Level 5 of the Dungeon
  5068 | D:5      | Reached skill level 6 in Earth Magic
  5160 | D:5      | Found a sand-covered staircase.
  5168 | Ossuary  | Entered an ossuary
  5939 | D:4      | Killed Pikel
  5939 | D:4      | Reached skill level 7 in Earth Magic
  5939 | D:4      | Reached XP level 7. HP: 25/50 MP: 13/17
  6560 | D:5      | Found a sparkling altar of Nemelex Xobeh.
  6567 | D:5      | Reached skill level 5 in Spellcasting
  6567 | D:5      | Reached XP level 8. HP: 27/57 MP: 15/19
  6864 | D:5      | Reached skill level 8 in Earth Magic
  6975 | D:5      | Found a white marble altar of Elyvilon.
  6981 | D:5      | Learned a level 3 spell: Stone Arrow
  6987 | D:5      | Learned a level 5 spell: Lee's Rapid Deconstruction
  6992 | D:5      | Learned a level 4 spell: Petrify
  7358 | D:6      | Noticed Dowan
  7787 | D:6      | Noticed Duvessa
  7814 | D:6      | HP: 2/57 [Duvessa/+0 short sword (10)]
  7824 | D:6      | Mangled by Duvessa

Illustrated notes

Levels and vault maps discovered:
D:1:      lemuel_arrival_lava_pool, layout_basic
D:2:      layout_rooms
D:3:      layout_basic, marbit_many_paths,
          chequers_ecumenical_altar_simple_redux
D:4:      layout_basic, minmay_temple_entry_poolview, uniq_blork_the_orc,
          uniq_pikel
D:5:      layout_loops_cross, nicolae_overflow_hidden_temple, enter_ossuary_2,
          first_ration, nemelex_dance_club_becter
D:6:      layout_gridville, old_standard_altar, uniq_duvessa

Skill      XL: |  1  2  3  4  5  6  7  8 |
---------------+-------------------------+-----
Earth Magic    | 3 4 5 7 8 |  8.7
Spellcasting   | 2 3 4 5 |  5.6
Dodging        | |  1.7
Stealth        | |  1.7
Transmutations | |  0.8

Action                   |  1- 3 |  4- 6 |  7- 9 || total
-------------------------+-------+-------+-------++-------
Melee: Dagger            |    64 |    15 |       ||    79
       Unarmed           |     6 |       |       ||     6
       Whip              |       |       |    32 ||    32
 Cast: Sandblast         |    38 |   109 |    26 ||   173
Evoke: Wand              |       |     5 |     5 ||    10
  Use: Scroll            |       |     5 |     6 ||    11
       Potion            |       |       |     1 ||     1
 Stab: Sleeping          |     2 |       |     1 ||     3
  Eat: Chunk             |     3 |    11 |     4 ||    18
       Ration            |       |       |     1 ||     1
Armor: Robe              |    19 |    11 |     5 ||    35
Dodge: Dodged            |    75 |    63 |    28 ||   166
